 Dungeon Crawl Stone Soup version 0.29-a0-472-ge5599a681e (webtiles) character file.

Game seed: 2049501137208614766

651 sammy202020 the Skirmisher (level 7, -1/63 HPs)
             Began as a Minotaur Fighter on May 23, 2022.
             Was an Initiate of Trog.
             Slain by an ogre
             ... wielding a +0 giant club
              (21 damage)
             ... on level 5 of the Dungeon.
             The game lasted 00:07:16 (4187 turns).

sammy202020 the Skirmisher (Minotaur Fighter)       Turns: 4187, Time: 00:07:16

Health: -1/63      AC: 10    Str: 21    XL:     7   Next: 28%
Magic:  6/6        EV: 10    Int:  7    God:    Trog [......]
Gold:   267        SH:  5    Dex: 15    Spells: 6/6 levels left

rFire   . . .      SeeInvis .   a - +0 war axe
rCold   + . .      Faith    .   c - +0 buckler
rNeg    . . .      Spirit   .   b - +0 scale mail
rPois   .          Reflect  .   e - +2 hat
rElec   .          Harm     .   r - +0 cloak
rCorr   .          Rampage  .   (no gloves)
Will    .....                   (no boots)
Stlth   ..........              (no amulet)
HPRegen 0.20/turn               g - +6 ring of dexterity
MPRegen 0.10/turn               m - ring of protection from cold

@: lethally poisoned (-1 -> -2)
A: horns 2, retaliatory headbutt
a: Renounce Religion


You were on level 5 of the Dungeon.
You worshipped Trog.
Trog was noncommittal.
You visited 2 branches of the dungeon, and saw 6 of its levels.

You collected 267 gold pieces.

Inventory:

Hand Weapons
 a - a +0 war axe (weapon)
 k - a +2 hunting sling of flaming
 t - a +0 mace
Armour
 b - a +0 scale mail (worn)
 c - a +0 buckler (worn)
 e - a +2 hat (worn)
 r - a +0 cloak (worn)
Jewellery
 f - an amulet of magic regeneration
 g - a +6 ring of dexterity (left hand)
 m - a ring of protection from cold (right hand)
Wands
 q - a wand of polymorph (7)
Scrolls
 p - a scroll of identify
Potions
 d - a potion of might
 h - 3 potions of heal wounds
 i - a potion of brilliance {unknown}
 j - a potion of curing {unknown}
 l - 2 potions of berserk rage
 o - 2 potions of haste {unknown}


   Skills:
 * Level 6.1 Fighting
 * Level 5.6 Axes
 + Level 5.1 Armour
 + Level 3.0 Dodging
 + Level 5.1 Shields


You had 6 spell levels left.
You didn't know any spells.
Your spell library contained the following spells:

 Spells                   Type           Power      Damage    Failure   Level
 Animate Dead             Necr           0%         N/A       100%        4
 Haunt                    Necr/Summ      0%         N/A       100%        7
 Infestation              Necr           0%         N/A       100%        8


Dungeon Overview and Level Annotations

Branches:
Dungeon (5/15)             Temple (1/1) D:4

Altars:
Dithmenos
Fedhas
Nemelex Xobeh
Okawaru
Qazlal
Ru
Sif Muna
Trog
Wu Jian
The Shining One

Shops:
D:3 =   D:4 (

Annotations:
D:5 Menkaure


Innate Abilities, Weirdness & Mutations

You have a pair of horns on your head.
You reflexively headbutt those who attack you in melee.


Message History

No target in view!
No target in view!
No target in view!
No target in view!
No target in view!
A scorpion and an ogre come into view.
Found 15 stones.
The ogre shouts!
Menkaure, Prince of Dust comes into view.
There are monsters nearby!
There are monsters nearby!
A jelly comes into view.
Found a scale mail.
Menkaure shouts!
Menkaure gestures at you while chanting.
Pain shoots through your body! The scorpion stings you.
You are poisoned.
The scorpion poisons you! The scorpion attacks as you move away!
The scorpion stings you but does no damage.
You feel very sick.
You feel very sick.
Menkaure casts a spell.
Menkaure seems to speed up.
You feel sick. The ogre barely misses you.
You feel sick.
You feel sick.
You slash the ogre!
The ogre is heavily wounded.
You feel sick.
The ogre hits you with a +0 giant club!!
You barely miss the ogre.
The ogre is heavily wounded.
You feel sick. The ogre hits you but does no damage.
You hit the ogre but do no damage. You headbutt the ogre!
The ogre is almost dead.
You feel sick.
The ogre hits you with a +0 giant club!!
You die...

#### ....# #....
#.#.# #
#######.#.##.#
........#@...##.#
..(.....#O##.##.#
........#s##.##.#
......M..M......#
......J##.......#
....... #..#.##.#
...[... #.†#.##.#
###.### #..#.##<#
#. #.(#.##.#


You could see an ogre, Menkaure (fast) and a scorpion.

Vanquished Creatures
  A black bear (D:4)
  An ogre (D:4)
  A phantom (D:4)
  2 necrophages
  2 orc priests
  2 orc wizards
  4 gnolls
  4 adders (D:2)
  A worm (D:4)
  4 dart slugs
  5 orcs
  8 endoplasms
  A giant cockroach (D:2)
  7 goblins
  6 hobgoblins
  5 jackals
  4 quokkas
  5 ball pythons
  7 bats
  4 frilled lizards
  11 kobolds
  5 rats
90 creatures vanquished.

Notes
Turn   | Place    | Note
-------+----------+-------------------------------------------
     0 | D:1      | sammy202020 the Minotaur Fighter began the quest for the
                  | Orb.
     0 | D:1      | Reached XP level 1. HP: 19/19 MP: 0/0
    66 | D:1      | Reached XP level 2. HP: 22/27 MP: 1/1
   176 | D:1      | Reached skill level 4 in Fighting
   275 | D:1      | Reached XP level 3. HP: 33/33 MP: 2/2
   884 | D:2      | Reached skill level 1 in Dodging
  1095 | D:2      | Reached XP level 4. HP: 38/41 MP: 3/3
  1566 | D:2      | Found a faded altar of an unknown god.
  1821 | D:3      | Reached XP level 5. HP: 47/47 MP: 4/4
  1990 | D:3      | Found Zuphub's Jewellery Shoppe.
  2096 | D:3      | Reached skill level 5 in Fighting
  2350 | D:3      | Reached XP level 6. HP: 12/56 MP: 5/5
  2358 | D:3      | HP: 2/56 [poisoned by an orc wizard]
  2849 | D:3      | Found an ornate altar of the Wu Jian Council.
  2850 | D:3      | Found a blossoming altar of Fedhas.
  3250 | D:4      | Reached skill level 5 in Axes
  3322 | D:4      | Found Juehu's Antique Weapon Shop.
  3657 | D:4      | Reached skill level 6 in Fighting
  3657 | D:4      | Reached skill level 5 in Armour
  3657 | D:4      | Reached skill level 5 in Shields
  3657 | D:4      | Reached XP level 7. HP: 58/63 MP: 6/6
  3862 | D:4      | Found a staircase to the Ecumenical Temple.
  3872 | Temple   | Entered the Ecumenical Temple
  3923 | Temple   | Became a worshipper of Trog the Wrathful
  4162 | D:5      | Entered Level 5 of the Dungeon
  4177 | D:5      | Noticed Menkaure
  4187 | D:5      | Slain by an ogre

Illustrated notes

Levels and vault maps discovered:
D:1:      nzn_arrival_water_spiral, layout_basic, hangedman_decor_opposing
D:2:      layout_basic, shapermc_ecumenical_altar_petra, minmay_misc_feat_rows
D:3:      layout_loops_corners, minitemple, serial_shops, shop_fountains
D:4:      nicolae_cairo_tiling, layout_basic, minmay_temple_entry_antechambers,
          serial_shops, nicolae_shop_hallway_stairs, kennysheep_potato
D:5:      layout_loops_cross, uniq_duvessa, uniq_menkaure, uniq_prince_ribbit1
Temple:   mainiacjoe_temple_bowtie_tessellation

Skill      XL: |  1  2  3  4  5  6  7 |
---------------+----------------------+-----
Fighting       | 4 5 6 |  6.1
Axes           | 3 4 5 |  5.6
Dodging        | 1 2 3 |  3.0
Shields        | 4 5 |  5.1
Armour         | 4 5 |  5.1

Action                   |  1- 3 |  4- 6 |  7- 9 || total
-------------------------+-------+-------+-------++-------
Melee: War axe           |    56 |   105 |    11 ||   172
       Headbutt          |     3 |    12 |     2 ||    17
  Use: Scroll            |       |     5 |     3 ||     8
       Potion            |       |     1 |       ||     1
Armor: Scale mail        |    23 |    43 |     7 ||    73
Dodge: Dodged            |    21 |    57 |     2 ||    80
Block: Buckler           |    14 |    42 |     2 ||    58

Table legend: (Time is in decaauts)
 A = Elapsed time spent in this place.
 B = Non-inter-level travel time spent in this place.
 C = Inter-level travel time spent in this place.
 D = Time resting spent in this place.
 E = Time spent auto-exploring this place.
 F = Levels seen in this place.
 G = Mean time per level.
                   A        B        C        D        E       F      G
               +--------+--------+--------+--------+--------+-----+--------+
         Total |   4260 |   4172 |     88 |    502 |   2968 |   6 |  710.0 |
       Dungeon |   4161 |   4073 |     88 |    502 |   2930 |   5 |  832.2 |
        Temple |     98 |     98 |      0 |      0 |     38 |   1 |   98.0 |
               +--------+--------+--------+--------+--------+-----+--------+

Top non-repeatable levels by time:
     D:3: 1438 daAuts
     D:4: 1050 daAuts
     D:1: 882 daAuts
     D:2: 764 daAuts
  Temple: 98 daAuts
     D:5: 25 daAuts
